 Dungeon Crawl Stone Soup version 0.31-a0-366-ga77b45bd9b (webtiles) character file.

Game seed: 6920488695186442015

30478 Conn the Thaumaturge (level 13, -1/74 HPs)
             Began as an Octopode Fire Elementalist on July 28, 2023.
             Was an Elder of Sif Muna.
             Slain by a seven-headed hydra (17 damage)
             ... on level 3 of the Lair of Beasts.
             The game lasted 00:47:32 (16216 turns).

Conn the Thaumaturge (Octopode Fire Elementalist)  Turns: 16216, Time: 00:47:32

Health: -1/74      AC:  1    Str:  7    XL:     13   Next: 52%
Magic:  28/38      EV: 19    Int: 22    God:    Sif Muna [****..]
Gold:   809        SH:  5    Dex: 13    Spells: 9/36 levels left

rFire   + . .        a - staff of conjuration
rCold   + . .        (no shield)
rNeg    . . .        (helmet restricted)
rPois   .            z - amulet of reflection
rElec   .            e - ring of see invisible
rCorr   +            k - ring of protection from fire
SInv    +            p - +5 ring of evasion
Will    .....        x - ring of fire
Stlth   +++++        A - ring of magical power
HPRegen 0.32/turn    c - ring of resist corrosion
MPRegen 0.26/turn    H - ring of ice
                     I - ring of protection from cold

%: reflection
@: very slightly contaminated, studying Ice Magic
A: almost no armour, amphibious, 8 rings, camouflage 1, gelatinous body 1,
(nimble swimmer 1), tentacles
a: Renounce Religion, Channel Magic, Forget Spell, Divine Exegesis


You were on level 3 of the Lair of Beasts.
You worshipped Sif Muna.
Sif Muna was greatly pleased with you.
You visited 3 branches of the dungeon, and saw 15 of its levels.
You also visited: Sewer and Ossuary.

You collected 1409 gold pieces.
You spent 600 gold pieces at shops.

Inventory:

Hand Weapons
 b - a +5 short sword of electrocution
 d - a +0 short sword
 n - a +1 heavy scythe
 r - a +4 quarterstaff of chaos
Missiles
 o - 12 curare-tipped darts (quivered)
 B - a throwing net
Magical Staves
 a - a staff of conjuration (weapon)
Jewellery
 c - a ring of resist corrosion (on tentacle)
 e - a ring of see invisible (left tentacle)
 k - a ring of protection from fire (right tentacle)
 p - a +5 ring of evasion (on tentacle)
 x - a ring of fire (on tentacle)
 z - an amulet of reflection (around mantle)
 A - a ring of magical power (on tentacle)
 H - a ring of ice (on tentacle)
 I - a ring of protection from cold (on tentacle)
Wands
 D - a wand of mindburst (7)
 F - a wand of polymorph (12)
 G - a wand of flame (32)
 Q - a wand of iceblast (5)
Scrolls
 f - a scroll of fog
 j - 6 scrolls of vulnerability
 m - 4 scrolls of blinking
 t - 2 scrolls of enchant weapon
 v - 2 scrolls of revelation
 w - a scroll of brand weapon
 y - 3 scrolls of enchant armour
 C - 4 scrolls of teleportation
 M - a scroll of immolation
 N - a scroll of amnesia
Potions
 g - a potion of heal wounds
 h - 5 potions of curing
 i - a potion of ambrosia
 l - 6 potions of mutation
 q - 3 potions of enlightenment
 s - 4 potions of haste
 u - a potion of magic
 E - a potion of might
 K - a potion of resistance
 L - a potion of lignification {unknown}
 O - a potion of attraction {unknown}
 P - a potion of invisibility {unknown}
Miscellaneous
 J - a phantom mirror (inert)


   Skills:
 + Level 2.0 Fighting
 + Level 2.0 Short Blades
 + Level 0.4(2.2) Polearms
 + Level 3.6 Staves
 + Level 0.5 Throwing
 + Level 4.0 Dodging
 + Level 7.6 Stealth
 + Level 3.6 Shields
 * Level 12.1 Spellcasting
 * Level 8.5 Conjurations
 + Level 2.9 Hexes
 * Level 3.5 Summonings
 + Level 0.1 Translocations
 + Level 10.8 Fire Magic
 + Level 3.8 Air Magic
 - Level 3.0 Earth Magic
 - Level 3.0 Poison Magic
 * Level 6.5 Invocations


You had 9 spell levels left.
You knew the following spells:

 Your Spells              Type           Power      Damage    Failure   Level
a - Foxfire               Conj/Fire      100%       2x1d9     1%          1
b - Scorch                Fire           100%       2d9       1%          2
c - Inner Flame           Hex/Fire       60%        N/A       1%          3
d - Flame Wave            Conj/Fire      90%        2d19      1%          4
e - Stone Arrow           Conj/Erth      100%       3d13      1%          3
f - Call Imp              Summ           58%        N/A       1%          2
g - Mephitic Cloud        Conj/Pois/Air  52%        N/A       1%          3
h - Ignite Poison         Fire/Tmut/Pois 50%        N/A       2%          3
i - Blink                 Tloc           28%        N/A       7%          2
j - Summon Guardian Gole  Hex/Summ       27%        N/A       3%          3
k - Summon Small Mammal   Summ           100%       N/A       1%          1

Your spell library contained the following spells:

 Spells                   Type           Power      Damage    Failure   Level
 Magic Dart               Conj           100%       1d8       1%          1
 Sandblast                Erth           52%        2d12      1%          1
 Volatile Blastmotes      Fire/Tloc      100%       2d18      1%          3
 Cigotuvi's Dreadful Rot  Necr/Pois/Air  46%        N/A       2%          2
 Apportation              Tloc           28%        N/A       4%          1
 Necrotise                Necr           52%        1d6       4%          1
 Passwall                 Tmut/Erth      16%        N/A       4%          2
 Freezing Cloud           Conj/Ice/Air   31%        6-21      24%         5
 Manifold Assault         Tloc           14%        N/A       41%         4
 Orb of Destruction       Conj           33%        9d10      77%         7
 Spellforged Servitor     Conj/Summ      28%        N/A       98%         7
 Haunt                    Necr/Summ      10%        N/A       100%        7
 Borgnjor's Revivificati  Necr           6%         N/A       100%        8
 Death's Door             Necr           6%         N/A       100%        9


Dungeon Overview and Level Annotations

Branches:
Dungeon (11/15)            Temple (1/1) D:5            Lair (3/5) D:11
 Shoals (0/4) Lair:3          Orc (0/2) D:10          Sewer (visited)
Ossuary (visited)
  Snake: Lair:2-3    Spider: Lair:2-3

Altars:
Ashenzari
Cheibriados
Dithmenos
Elyvilon
Fedhas
Gozag
Hepliaklqana
Kikubaaqudgha
Makhleb
Nemelex Xobeh
Okawaru
Qazlal
Ru
Sif Muna
Trog
Uskayaw
Vehumet
Wu Jian
Xom
Yredelemnul
Zin
The Shining One

Shops:
D:7 =   D:10 *   D:11 :(

Annotations:
Lair:3 exclusion: oklob plant


Innate Abilities, Weirdness & Mutations

You cannot wear most types of armour.
You are amphibious.
You can wear up to eight rings at the same time.
Your skin changes colour to match your surroundings (Stealth+).
Your rubbery body absorbs attacks. (AC +1, EV +1)
((You are camouflaged when in or above water. (Stealth+)))
You have tentacles for arms and can constrict up to eight enemies at once.


Message History

The hell rat attacks as you move away! The hell rat closely misses you.
Casting: Scorch (safe; 1% risk of failure)
Confirm with . or Enter, or press ? or * to list all spells.
You feel a surge of power!
Flames lash the seven-headed hydra.
The seven-headed hydra is lightly wounded.
The seven-headed hydra's fire resistance burns away.
The seven-headed hydra is engulfed in a cloud of scalding steam.
Unknown command.
Casting: Scorch (safe; 1% risk of failure)
Confirm with . or Enter, or press ? or * to list all spells.
You blink.
Unknown command.
Casting: Blink (safe; 7% risk of failure)
Confirm with . or Enter, or press ? or * to list all spells.
Aiming: Stone Arrow (safe; 1% risk of failure)
Press: ? - help, Shift-Dir - straight line, f - seven-headed hydra
Aim: a seven-headed hydra (lightly wounded, more vulnerable to fire, 92% to hit)
Okay, then.
The hell rat is engulfed in a cloud of scalding steam.
You kill the hell rat!
Sif Muna accepts your kill.
Casting: Stone Arrow (safe; 1% risk of failure)
Confirm with . or Enter, or press ? or * to list all spells.
Okay, then.
The seven-headed hydra is no longer more vulnerable to fire.
You feel stable enough to blink again.
Casting: Stone Arrow (safe; 1% risk of failure)
Confirm with . or Enter, or press ? or * to list all spells.
A guardian golem appears, shielding your allies.
Casting: Summon Guardian Golem (dangerous; 3% risk of failure)
Confirm with . or Enter, or press ? or * to list all spells.
You miscast Blink.
You are very lightly contaminated with residual magic.
Nothing appears to happen.
The seven-headed hydra bites you! x2
The seven-headed hydra barely misses you.
You block the seven-headed hydra's attack.
The seven-headed hydra bites you! x2
* * * LOW HITPOINT WARNING * * *
The seven-headed hydra bites you!
You die...

.......#.......~~♣♣♣~P.~.
........+...##~~~~♣ PP~.
..............~P~~♣♣≈~P P
.$.... .......r~~PP~♣≈♣
.P###P ##..###..~PPP~♣
### # ##.###PPP
#...####.PP ##9D.......
##@######. ###


You could see a seven-headed hydra (ally target), a hell rat and a friendly
guardian golem (summoned).

Vanquished Creatures
  2 hydras
  3 death yaks (Lair:2)
  2 two-headed ogres (D:11)
  Sonja (Lair:3)
  Nergalle (Lair:1)
  3 lindwurms (Lair:2)
  A cyclops (D:11)
  2 ugly things
  10 elephants
  2 black mambas (Lair:1)
  4 cane toads (Lair:1)
  Maggie (D:7)
  Joseph (D:7)
  An unseen horror (D:11)
  A kobold demonologist (D:10)
  2 komodo dragons
  2 rime drakes
  2 trolls
  14 blink frogs
  A slime creature (D:6)
  Sigmund (D:2)
  4 shadows
  2 wraiths
  13 yaks
  3 basilisks
  3 wyverns
  Grum (D:8)
  2 steam dragons
  2 vampire mosquitoes (D:11)
  Menkaure (D:6)
  8 water moccasins
  Pargi (Sewer)
  2 orc warriors
  An ice beast (D:7)
  4 black bears
  3 ogres
  7 wolves
  8 centaurs
  A phantom (D:6)
  3 kobold brigands
  2 gnoll sergeants (D:7)
  2 scorpions
  9 bullfrogs
  5 wights (D:9)
  10 killer bees
  3 howler monkeys
  Crazy Yiuf (D:3)
  8 hounds
  2 gnoll boudas (D:7)
  3 orc priests
  A human zombie (Ossuary)
  6 jellies (D:6)
  7 iguanas
  4 orc wizards
  2 hell rats (Lair:3)
  A sleepcap (D:6)
  2 mummies (Ossuary)
  7 gnolls (D:7)
  9 adders
  3 river rats (D:4)
  3 shadow imps
  2 white imps
  2 ufetubi
  5 worms
  5 dart slugs
  15 orcs
  13 bats
  17 endoplasms
  2 giant cockroaches
  4 gnoll zombies (Ossuary)
  11 hobgoblins
  8 jackals
  24 kobolds
  4 quokkas
  6 ball pythons
  5 frilled lizards
  6 goblins
  4 goblin zombies (Ossuary)
  3 hobgoblin zombies (Ossuary)
  2 orc zombies (Ossuary)
  7 rats
361 creatures vanquished.

Vanquished Creatures (collateral kills)
  7 foxfires
7 creatures vanquished.

Vanquished Creatures (others)
  3 death yaks (Lair:2)
  750 foxfires
753 creatures vanquished.

Grand Total: 1121 creatures vanquished

Notes
Turn   | Place    | Note
-------+----------+-------------------------------------------
     0 | D:1      | Conn the Octopode Fire Elementalist began the quest for the
                  | Orb.
     0 | D:1      | Reached XP level 1. HP: 11/11 MP: 3/3
   334 | D:1      | Reached XP level 2. HP: 17/17 MP: 5/5
   506 | D:1      | Reached XP level 3. HP: 18/21 MP: 6/6
  1037 | D:2      | Noticed Sigmund
  1071 | D:2      | Learned a level 2 spell: Scorch
  1075 | D:2      | Learned a level 3 spell: Inner Flame
  1078 | D:2      | Found a basalt altar of Yredelemnul.
  1422 | D:2      | Reached XP level 4. HP: 22/27 MP: 3/7
  1617 | D:2      | Reached skill level 1 in Short Blades
  1995 | D:2      | Killed Sigmund
  1996 | D:2      | Reached skill level 5 in Stealth
  1996 | D:2      | Reached skill level 3 in Spellcasting
  1996 | D:2      | Reached XP level 5. HP: 32/32 MP: 1/9
  1996 | D:2      | Reached XP level 6. HP: 37/37 MP: 1/10
  3171 | D:3      | Found a runed translucent door.
  3172 | D:3      | Noticed Crazy Yiuf
  3181 | D:3      | Killed Crazy Yiuf
  3608 | D:4      | Found a glowing drain.
  3612 | Sewer    | Entered a sewer
  3637 | Sewer    | Noticed Pargi
  3646 | Sewer    | Killed Pargi
  3647 | Sewer    | Reached XP level 7. HP: 42/42 MP: 3/12
  3806 | D:4      | Reached skill level 5 in Fire Magic
  3834 | D:4      | Found a sand-covered staircase.
  3841 | Ossuary  | Entered an ossuary
  4190 | D:4      | Reached skill level 1 in Staves
  4453 | D:5      | Entered Level 5 of the Dungeon
  4680 | D:5      | Reached skill level 1 in Fighting
  4821 | D:5      | Reached skill level 4 in Spellcasting
  4821 | D:5      | Reached XP level 8. HP: 48/48 MP: 8/14
  4826 | D:5      | Learned a level 4 spell: Flame Wave
  4830 | D:5      | Learned a level 3 spell: Stone Arrow
  5287 | D:5      | Found a staircase to the Ecumenical Temple.
  5294 | Temple   | Entered the Ecumenical Temple
  5305 | Temple   | Became a worshipper of Sif Muna the Loreminder
  5568 | D:6      | Noticed a green ugly thing
  5576 | D:6      | Killed a green ugly thing
  5577 | D:6      | Reached skill level 5 in Spellcasting
  5578 | D:6      | Reached XP level 9. HP: 50/53 MP: 0/17
  5754 | D:6      | Reached skill level 6 in Spellcasting
  5971 | D:6      | Noticed Menkaure
  5975 | D:6      | Killed Menkaure
  6456 | D:6      | Reached skill level 1 in Hexes
  6456 | D:6      | Reached * piety under Sif Muna
  6647 | D:6      | Reached skill level 7 in Spellcasting
  6937 | D:7      | Noticed Maggie
  6943 | D:7      | Killed Maggie
  7032 | D:7      | Found Etozylytoa's Jewellery Boutique.
  7040 | D:7      | Bought an amulet of reflection for 360 gold pieces
  7040 | D:7      | Bought a ring of magical power for 240 gold pieces
  7110 | D:7      | Noticed Joseph
  7120 | D:7      | Killed Joseph
  7121 | D:7      | Reached XP level 10. HP: 58/58 MP: 21/21
  7304 | D:7      | Reached skill level 8 in Spellcasting
  7583 | D:7      | Found a snail-covered altar of Cheibriados.
  7673 | D:7      | Reached skill level 1 in Invocations
  7980 | D:7      | Reached ** piety under Sif Muna
  8292 | D:8      | Noticed Grum
  8297 | D:8      | Killed Grum
  8298 | D:8      | Reached skill level 5 in Conjurations
  8881 | D:8      | Learned a level 3 spell: Mephitic Cloud
  8884 | D:8      | Learned a level 2 spell: Call Imp
  9097 | D:9      | Reached skill level 1 in Poison Magic
  9098 | D:9      | Reached skill level 1 in Air Magic
  9260 | D:9      | Reached *** piety under Sif Muna
  9368 | D:9      | Reached skill level 9 in Spellcasting
  9397 | D:9      | Reached XP level 11. HP: 63/63 MP: 24/24
  9744 | D:10     | Entered Level 10 of the Dungeon
  9951 | D:10     | Learned a level 3 spell: Ignite Poison
 10248 | D:10     | Found Cike's Overcharged Wands.
 10259 | D:10     | Learned a level 2 spell: Blink
 10512 | D:10     | Found a staircase to the Orcish Mines.
 10843 | D:10     | Found a basalt altar of Yredelemnul.
 10843 | D:10     | Found a hazy altar of Hepliaklqana.
 10844 | D:10     | Found a stormy altar of Qazlal.
 10979 | D:11     | Reached skill level 1 in Shields
 11135 | D:11     | Found a staircase to the Lair.
 11155 | D:11     | Noticed a cyclops
 11160 | D:11     | Noticed a white ugly thing
 11166 | D:11     | Killed a cyclops
 11167 | D:11     | Killed a white ugly thing
 11168 | D:11     | Reached skill level 1 in Earth Magic
 11378 | D:11     | Found Sinemunk's Antique Weapon Emporium.
 11595 | D:11     | Found Olikua's Book Shoppe.
 11668 | D:11     | Reached skill level 10 in Spellcasting
 11670 | D:11     | Noticed a two-headed ogre
 11690 | D:11     | Killed a two-headed ogre
 11783 | D:11     | Noticed a two-headed ogre
 11799 | D:11     | Killed a two-headed ogre
 12375 | Lair:1   | Entered Level 1 of the Lair of Beasts
 12393 | Lair:1   | Reached XP level 12. HP: 70/70 MP: 20/26
 12653 | Lair:1   | Noticed an eight-headed hydra
 12663 | Lair:1   | Killed an eight-headed hydra
 12766 | Lair:1   | Reached **** piety under Sif Muna
 13142 | Lair:1   | Reached skill level 10 in Fire Magic
 13142 | Lair:1   | Reached skill level 5 in Invocations
 13276 | Lair:1   | Noticed Nergalle
 13286 | Lair:1   | Killed Nergalle
 13783 | Lair:2   | Learned a level 3 spell: Summon Guardian Golem
 13785 | Lair:2   | Learned a level 1 spell: Summon Small Mammal
 13858 | Lair:2   | Reached skill level 1 in Summonings
 14002 | Lair:2   | Reached skill level 11 in Spellcasting
 14235 | Lair:2   | Noticed a death yak
 14237 | Lair:2   | Noticed a death yak
 14237 | Lair:2   | Noticed a death yak
 14239 | Lair:2   | Noticed a death yak
 14245 | Lair:2   | Noticed a death yak
 14728 | Lair:2   | Reached XP level 13. HP: 74/74 MP: 16/28
 15614 | Lair:3   | Found a staircase to the Shoals.
 15656 | Lair:3   | Noticed Sonja
 15795 | Lair:3   | Reached skill level 12 in Spellcasting
 16096 | Lair:3   | Killed Sonja
 16186 | Lair:3   | Found the +1 robe of Vines {NoPotionHeal Regen++++}
 16216 | Lair:3   | Slain by a seven-headed hydra

Illustrated notes

Levels and vault maps discovered:
D:1:      scummos_arrival_hexagon, layout_loops_ring, feat_on_display
D:2:      minmay_razor_zed, layout_loops_corners, basic_altar, uniq_sigmund
D:3:      layout_basic, uniq_crazy_yiuf_cottage
D:4:      layout_cave_pools, chequers_ossuary_entry_cave,
          lightli_sewer_entry_pipes
D:5:      layout_gridville, minmay_temple_entry_gardened_gates, nicolae_sextant,
          st_stairs_7, minmay_misc_feat_x
D:6:      lemuel_slime, layout_loops_ring, serial_bayou_pond_e,
          minmay_manual_monstrance, uniq_menkaure
D:7:      kennysheep_housing_project, layout_basic, kennysheep_little_box,
          serial_shops, shop, item_on_display_a, uniq_maggie, uniq_joseph
D:8:      layout_loops_cross, chequers_hall_statues_corner_a, uniq_grum
D:9:      minmay_spotlight, layout_rooms
D:10:     layout_grid_maze, gammafunk_temple_overflow_forgotten, orc_0_dummy,
          nicolae_shop_overcharged_wands
D:11:     layout_grid_maze, david_lair_generic, serial_shops, shop, shop
Temple:   regret_index_temple_chain_breaker
Lair:1:   layout_small_grid, uniq_nergalle
Lair:2:   layout_cave_pods, nicolae_lair_lindhole
Lair:3:   layout_chaotic_city, shoals_dummy_entry, dummy_snake_entry,
          serial_bayou_lagoon_a, hellmonk_guarded_unrand_vines, uniq_sonja

Skill      XL: |  1  2  3  4  5  6  7  8  9 10 11 12 13 |
---------------+----------------------------------------+-----
Stealth        | 3 5 6 7 |  7.6
Short Blades   | 1 2 |  2.0
Spellcasting   | 3 4 5 7 9 10 11 12 | 12.1
Fire Magic     | 4 5 6 8 9 10 | 10.8
Conjurations   | 2 3 4 5 6 7 8 |  8.5
Staves         | 2 3 |  3.6
Fighting       | 1 2 |  2.0
Dodging        | 3 4 |  4.0
Hexes          | 1 2 |  2.9
Invocations    | 2 4 5 6 |  6.5
Poison Magic   | 1 3 |  3.0
Air Magic      | 1 2 3 |  3.8
Shields        | 2 3 |  3.6
Earth Magic    | 1 2 3 |  3.0
Summonings     | 2 3 |  3.5
Polearms       | |  0.4
Throwing       | |  0.5
Translocations | |  0.1

Action                     |  1- 3 |  4- 6 |  7- 9 | 10-12 | 13-15 || total
---------------------------+-------+-------+-------+-------+-------++-------
  Melee: Short sword       |    60 |    11 |       |    50 |       ||   121
         Constrict         |    14 |     8 |    16 |    17 |     1 ||    56
         Unarmed           |     1 |       |       |       |       ||     1
         Tentacles         |     7 |     4 |    11 |    17 |     1 ||    40
         Punch             |     1 |       |       |     1 |       ||     2
         Halberd           |       |     5 |       |       |     2 ||     7
         Quarterstaff      |       |     1 |    58 |       |       ||    59
         Staff             |       |       |       |    30 |     6 ||    36
  Throw: Dart              |       |     1 |     1 |     1 |     1 ||     4
   Cast: Foxfire           |    37 |    47 |   114 |   201 |    28 ||   427
         Scorch            |       |    12 |    35 |    83 |    15 ||   145
         Inner Flame       |       |     1 |     9 |    13 |     2 ||    25
         Flame Wave        |       |       |     1 |    37 |     9 ||    47
         Mephitic Cloud    |       |       |       |    23 |    14 ||    37
         Stone Arrow       |       |       |       |    15 |     2 ||    17
         Ignite Poison     |       |       |       |     1 |     2 ||     3
         Call Imp          |       |       |       |     3 |     1 ||     4
         Blink             |       |       |       |     2 |     5 ||     7
         Summon Small Mamm |       |       |       |     2 |       ||     2
         Summon Guardian G |       |       |       |     1 |     6 ||     7
 Invoke: Channel Magic     |       |       |       |     1 |       ||     1
  Evoke: Phantom mirror    |       |       |       |       |     1 ||     1
    Use: Scroll            |     1 |     7 |       |    12 |     2 ||    22
         Potion            |       |     3 |       |       |     1 ||     4
   Stab: Sleeping          |    12 |     4 |     4 |    10 |       ||    30
         Distracted        |       |       |     1 |       |       ||     1
 Armour: Skin              |     2 |     2 |     6 |     3 |     1 ||    14
  Dodge: Dodged            |    41 |    20 |    87 |   117 |    39 ||   304
  Block: Other             |       |       |       |    37 |     8 ||    45
         Reflection        |       |       |       |     4 |       ||     4

Table legend: (Time is in decaauts)
 A = Elapsed time spent in this place.
 B = Non-inter-level travel time spent in this place.
 C = Inter-level travel time spent in this place.
 D = Time resting spent in this place.
 E = Time spent auto-exploring this place.
 F = Levels seen in this place.
 G = Mean time per level.
                   A        B        C        D        E       F      G
               +--------+--------+--------+--------+--------+-----+--------+
         Total |  16239 |  15883 |    356 |    985 |  11090 |  17 |  955.2 |
       Dungeon |  12120 |  11802 |    318 |    602 |   8444 |  11 | 1101.8 |
        Temple |     21 |     21 |      0 |      0 |      0 |   1 |   21.0 |
          Lair |   3713 |   3676 |     37 |    273 |   2636 |   3 | 1237.7 |
         Sewer |     87 |     87 |      0 |      0 |      0 |   1 |   87.0 |
       Ossuary |    295 |    295 |      0 |    110 |     10 |   1 |  295.0 |
               +--------+--------+--------+--------+--------+-----+--------+

Top non-repeatable levels by time:
  Lair:2: 2062 daAuts
    D:11: 1597 daAuts
     D:2: 1468 daAuts
     D:7: 1408 daAuts
     D:3: 1251 daAuts
  Lair:1: 1249 daAuts
     D:6: 1217 daAuts
     D:5: 1186 daAuts
    D:10: 1047 daAuts
     D:1: 797 daAuts
     D:9: 797 daAuts
     D:8: 786 daAuts
     D:4: 561 daAuts
  Lair:3: 401 daAuts
 Ossuary: 295 daAuts
